 Dungeon Crawl Stone Soup version 0.31-a0-177-g4aa6249778 (webtiles) character file.

Game seed: 10319997457279673127

40 qw the Chopper (level 3, -1/23 HPs)
             Began as a Gargoyle Fighter on June 18, 2023.
             Slain by a gnoll
             ... wielding a +0 whip
              (6 damage)
             ... on level 2 of the Dungeon.
             The game lasted 00:00:33 (1256 turns).

qw the Chopper (Gargoyle Fighter)                   Turns: 1256, Time: 00:00:33

Health: -1/23      AC: 14    Str: 21    XL:     3   Next: 50%
Magic:  3/3        EV:  5    Int:  8    God:
Gold:   69         SH:  4    Dex:  9    Spells: 2/2 levels left

rFire   . . .        Y - +0 war axe
rCold   . . .        c - +0 buckler
rNeg    + . .        i - +0 plate armour
rPois   inf          (no helmet)
rElec   +            (no cloak)
rCorr   +            (no gloves)
SInv    .            (no boots)
Will    .....        j - amulet of the acrobat Stlth
                     g - ring of resist corrosion
HPRegen 0.23/turn    (no ring)
MPRegen 0.08/turn

%: acrobat
@: no status effects
A: sickness immunity, AC +3, negative energy resistance 1, electricity
resistance, torment resistance 1, petrification resistance
a: no special abilities


You were on level 2 of the Dungeon.
You visited 1 branch of the dungeon, and saw 2 of its levels.

You collected 69 gold pieces.


Innate Abilities, Weirdness & Mutations

You are immune to sickness and miasma.
Your stone body is resilient. (AC +3)
You are immune to poison.
You resist negative energy. (rN+)
You are resistant to electric shocks. (rElec)
You are resistant to unholy torment.
You are immune to petrification.


   Skills:
 - Level 3.2 Fighting
 + Level 3.4 Axes
 - Level 3.2 Armour
 - Level 3.2 Shields


You had 2 spell levels left.
You didn't know any spells.
Your spell library was empty.

Inventory:

Hand Weapons
 k - a +0 whip
 Y - a +0 war axe (weapon)
Armour
 c - a +0 buckler (worn)
 i - a +0 plate armour (worn)
 l - an orb of light
Jewellery
 g - a ring of resist corrosion (left hand)
 j - an amulet of the acrobat (around neck)
Scrolls
 a - 2 scrolls of identify
 e - a scroll of amnesia {unknown}
Potions
 b - a potion of brilliance {unknown}
 d - a potion of might
 f - 3 potions of heal wounds {unknown}
 h - a potion of invisibility {unknown}
 m - a potion of magic {unknown}

Dungeon Overview and Level Annotations

Branches:
Dungeon (2/15)

Altars:

Annotations:
D:1 1 runed translucent door


Message History

Enter note:
1246 ||| Stepping ~*~*~tactically~*~*~ (stealth).
Enter note:
Enter note:
Enter note:
Enter note:
Enter note:
Enter note: The gnoll shouts!
You hit the giant cockroach but do no damage.
The giant cockroach bites you but does no damage. x2
You closely miss the giant cockroach.
The giant cockroach bites you but does no damage.
You closely miss the gnoll. You slash the giant cockroach!
You kill the giant cockroach!
You block the gnoll's attack.
A gnoll comes into view. It is wielding a +0 flail.
You block the gnoll's attack.
You completely miss the gnoll.
The gnoll shouts!
The gnoll hits you but does no damage.
The gnoll hits you from afar with a +0 spear.
The gnoll completely misses you. The gnoll barely misses you.
You closely miss the gnoll. The gnoll hits you with a +0 whip.
The gnoll hits you from afar with a +0 spear.
You closely miss the gnoll. You hit the gnoll.
The gnoll hits you but does no damage. The gnoll barely misses you.
The gnoll hits you from afar with a +0 spear.
You closely miss the gnoll.
The gnoll is moderately wounded.
You closely miss the gnoll. The gnoll hits you but does no damage.
The gnoll hits you with a +0 flail.
The gnoll hits you but does no damage. x2
The gnoll hits you from afar with a +0 spear.
You hit the gnoll.
The gnoll is severely wounded.
You barely miss the gnoll. The gnoll hits you with a +0 whip.
You die...

... #.(##.#.####. #.#
#.%##.#<# #. #########.#
#..##.#.# #.
..<....<#.######..##.#.####.
##.####.....................
###.######.###.#.#####
######.######.###.#.#####
.........................
.......g@.....###.#.....#
........g.....# #.#.##..#
###...g#....### #.#######
#....#....# #.# ...
.......#....# #.# ###
#####.B###### #.# #.g #.#
#.. #.# #g.


You could see 3 gnolls.

Vanquished Creatures
  An adder (D:2)
  A worm (D:2)
  4 bats (D:1)
  4 endoplasms
  2 giant cockroaches (D:2)
  3 hobgoblins (D:1)
  3 jackals (D:1)
  2 kobolds (D:1)
  A quokka (D:2)
  3 ball pythons
  A goblin (D:1)
  A rat (D:1)
26 creatures vanquished.

Notes
Turn   | Place    | Note
-------+----------+-------------------------------------------
     0 | D:1      | qw the Gargoyle Fighter began the quest for the Orb.
     0 | D:1      | Reached XP level 1. HP: 14/14 MP: 1/1
     0 | D:1      | Noticed a jelly
     0 | D:1      | 0 ||| qw: Version: 0.3-a-5-g6f28e65
     0 | D:1      | 0 ||| qw: Game counter: 567
     0 | D:1      | 0 ||| qw: Always use a shield: true
     0 | D:1      | 0 ||| qw: God list: Okawaru
     0 | D:1      | 0 ||| qw: Allow faded altars: false
     0 | D:1      | 0 ||| qw: Do Orc after D:15 true
     0 | D:1      | 0 ||| qw: Do second Lair branch before Depths: true
     0 | D:1      | 0 ||| qw: Lair rune preference: random
     0 | D:1      | 0 ||| qw: Plans: Normal, Zot:1-4, Slime:5, God:TSO, Crypt,
                  | Tomb, Abyss, Pan, Hells, Win
     0 | D:1      | 0 ||| PLANNING D:1-11
     1 | D:1      | Found a runed translucent door.
    48 | D:1      | 48 ||| Stepping ~*~*~tactically~*~*~ (hiding).
    49 | D:1      | 49 ||| Stepping ~*~*~tactically~*~*~ (hiding).
   224 | D:1      | Reached XP level 2. HP: 19/19 MP: 2/2
   321 | D:1      | 321 ||| Stepping ~*~*~tactically~*~*~ (stealth).
   332 | D:1      | 332 ||| Stepping ~*~*~tactically~*~*~ (stealth).
   336 | D:1      | 336 ||| Stepping ~*~*~tactically~*~*~ (stealth).
   413 | D:1      | Found a faded altar of an unknown god.
   428 | D:1      | 428 ||| Stepping ~*~*~tactically~*~*~ (stealth).
   827 | D:1      | Reached skill level 3 in Axes
   880 | D:1      | 880 ||| UPGRADING to +0 plate armour.
   890 | D:1      | 890 ||| DROPPING +0 scale mail.
   891 | D:1      | 891 ||| UPGRADING to amulet of the acrobat.
   896 | D:1      | 896 ||| UPGRADING to ring of resist corrosion.
   897 | D:1      | 897 ||| READING 2 scrolls labelled MACEPN RYRGHEPP.
   962 | D:2      | Reached XP level 3. HP: 23/23 MP: 3/3
  1246 | D:2      | 1246 ||| Stepping ~*~*~tactically~*~*~ (stealth).
  1255 | D:2      | HP: 4/23 [gnoll/+0 spear (3)]
  1256 | D:2      | Slain by a gnoll

Levels and vault maps discovered:
D:1:      dpeg_arrival_caged_fury, layout_loops_corners,
          shapermc_ecumenical_altar_rom_forum, minmay_small_reverse_x
D:2:      layout_basic, serial_aquarium, aquarium_bridge_long_joined
          [aquarium_subvault_window, aquarium_subvault_window,
          aquarium_subvault_window, aquarium_subvault_balcony,
          aquarium_subvault_bridge, aquarium_subvault_window],
          aquarium_window_corridor_3, aquarium_window_corner, aquarium_window_2,
          aquarium_view_2d, aquarium_view_2f

Skill      XL: |  1  2 |
---------------+-------+-----
Axes           | 2 3 |  3.4
Fighting       | |  3.2
Armour         | |  3.2
Shields        | |  3.2

Action                     || total
---------------------------++-------
  Melee: War axe           ||    71
    Use: Scroll            ||     1
 Armour: Scale mail        ||    13
         Plate armour      ||    20
  Dodge: Dodged            ||    26
  Block: Buckler           ||    14

Table legend:
 A = Non-vault XP
 B = Vault XP
 C = Vault XP percentage of total XP
 D = Non-vault monster count
 E = Vault monster count
 F = Vault count percentage of total count
                 A         B        C        D         E       F
            +---------+---------+-------+---------+---------+-------
      Total |      54 |       4 |   6.9 |      22 |       4 |  15.4
            +---------+---------+-------+---------+---------+-------
        D:1 |      27 |       4 |  12.9 |      15 |       4 |  21.1
        D:2 |      27 |       0 |   0.0 |       7 |       0 |   0.0
            +---------+---------+-------+---------+---------+-------
